 Dungeon Crawl Stone Soup version 0.31-a0-596-g831eee08f1 (webtiles) character file.

Game seed: 10219036061396721028

3476 thirtiethelement the Slasher (level 9, -7/65 (68) HPs)
             Began as a Demonspawn Cinder Acolyte on Aug 20, 2023.
             Was a High Priest of Ignis.
             Mangled by Psyche
             ... wielding a +3 dagger of chaos
              (11 damage)
             ... on level 8 of the Dungeon.
             The game lasted 00:20:52 (8752 turns).

thirtiethelement the Slasher (DsCA)                 Turns: 8752, Time: 00:20:53

HP:   -7/65 (68)    AC:  0    Str: 16    XL:     9   Next: 79%
MP:   13/17         EV: 15    Int: 15    God:    Ignis [*****.]
Gold: 152           SH:  0    Dex: 12    Spells: 14/19 levels left

rFire   + . .        p - melded +1 falchion "Becu Cacs" {flame, +Blink rC+}
rCold   . . .        u - melded +2 buckler
rNeg    . . .        e - melded +0 steam dragon scales
rPois   .            (helmet currently unavailable)
rElec   .            g - melded +1 cloak
rCorr   .            f - melded +0 pair of gloves
SInv    .            (boots currently unavailable)
Will    .....        K - amulet of regeneration
Stlth   ++           r - melded ring of willpower
HPRegen 1.10/turn    J - melded ring of wizardry
MPRegen 0.15/turn

%: no passive effects
@: about to teleport, pig-form (expiring), on berserk cooldown, slowed, lightly
drained
A: fast, no casting, small, (hooves 2), (molten scales 3), (spiny 1)
a: Renounce Religion, Fiery Armour, Foxfire Swarm, Rising Flame


You were on level 8 of the Dungeon.
You worshipped Ignis.
Ignis was extremely pleased with you.
You were a filthy swine.
You visited 2 branches of the dungeon, and saw 9 of its levels.
You also visited: Sewer.

You collected 404 gold pieces.
You spent 252 gold pieces at shops.

Inventory:

Hand Weapons
 p - the +1 falchion "Becu Cacs" (melded) {flame, +Blink rC+}
   (You found it on level 7 of the Dungeon)

   rC+:       It protects you from cold.
   +Blink:    It lets you blink.
Missiles
 j - 4 javelins
 G - 6 boomerangs
Armour
 e - +0 steam dragon scales (melded)
 f - a +0 pair of gloves (melded)
 g - a +1 cloak (melded)
 u - a +2 buckler (melded)
Jewellery
 d - an amulet of reflection
 r - a ring of willpower (melded)
 E - a ring of willpower
 J - a ring of wizardry (melded)
 K - an amulet of regeneration (around neck)
 M - a ring of poison resistance
Wands
 w - a wand of digging (8)
 F - a wand of light (5)
 L - a wand of flame (25)
Scrolls
 a - a scroll of enchant armour
 c - 4 scrolls of teleportation
 k - a scroll of revelation
 o - 2 scrolls of amnesia
 v - a scroll of fear
 x - 2 scrolls of poison {unknown}
 y - a scroll of blinking
 A - a scroll of enchant weapon {unknown}
 B - 2 scrolls of identify
 D - a scroll of brand weapon {unknown}
 H - 2 scrolls of silence {unknown}
Potions
 b - a potion of resistance {unknown}
 h - a potion of attraction {unknown}
 i - a potion of magic {unknown}
 l - 5 potions of heal wounds
 m - a potion of cancellation {unknown}
 n - 5 potions of curing
 q - 2 potions of lignification {unknown}
 s - a potion of invisibility {unknown}
 t - 2 potions of berserk rage
 z - a potion of might {unknown}
 C - a potion of haste
 I - a potion of mutation {unknown}


   Skills:
 + Level 5.1 Fighting
 + Level 6.6 Long Blades
 + Level 0.4 Throwing
 + Level 2.6 Armour
 + Level 3.3 Dodging
 + Level 2.0 Stealth
 + Level 3.6 Shields
 + Level 5.8 Spellcasting
 + Level 0.3 Translocations
 + Level 6.5 Fire Magic


You had 14 spell levels left.
You knew the following spells:

 Your Spells              Type           Power      Damage    Failure   Level
a - Scorch                Fire           48%        2d7       1%          2
b - Volatile Blastmotes   Fire/Tloc      28%        2d12      11%         3

Your spell library contained the following spells:

 Spells                   Type           Power      Damage    Failure   Level
 Cigotuvi's Dreadful Rot  Necr/Pois/Air  8%         N/A       22%         2
 Iskenderun's Mystic Bla  Conj/Tloc      4%         2d3       80%         4
 Dispel Undead            Necr           4%         3d7       83%         4
 Fulminant Prism          Conj/Hex       2%         3d5       83%         4
 Death Channel            Necr           2%         N/A       100%        6


Dungeon Overview and Level Annotations

Branches:
Dungeon (8/15)             Temple (1/1) D:6           Sewer (visited)
   Lair: D:8-11

Altars:
Ashenzari
Fedhas
Gozag
Nemelex Xobeh
Qazlal
Ru
Sif Muna
Trog
Vehumet
Wu Jian
Xom

Shops:
D:6 (!:

Annotations:
D:8 Psyche


Innate Abilities, Weirdness & Mutations

You are a filthy swine.
You move quickly.
Your equipment is almost entirely melded.
You are incapable of wielding weapons or throwing items.
You cannot cast spells.
((You have hoof-like feet.))
((You are completely covered in molten scales. (AC +4, rF+)))
((You are partially covered in sharp spines.))


Message History

You hear some strange, mumbled words.
A swirling arc of seething chaos appears!
An arc of chaos appears from out of thin air!
The arc of chaos hits you!
Something tries to affect you, but you resist.
You hear some strange, mumbled words.
A swirling arc of seething chaos appears!
An arc of chaos appears from out of thin air!
The arc of chaos hits you!
You hear some strange, mumbled words.
A swirling arc of seething chaos appears!
An arc of chaos appears from out of thin air!
The arc of chaos hits you.
You feel drained.
* * * LOW HITPOINT WARNING * * *
Something completely misses you.
An orc comes into view.
It is wielding a +2 dagger of holy wrath.
Your transformation is almost over.
Something hits you.
You convulse. 3 orcs come into view.
The orc moves out of view.
The orc shouts!
Something hits you.
* * * LOW HITPOINT WARNING * * *
You hit the orc but do no damage.
You hear some strange, mumbled words.
A swirling arc of seething chaos appears!
An arc of chaos appears from out of thin air!
The arc of chaos hits you!
* * * LOW HITPOINT WARNING * * *
The orc throws a boomerang.
The boomerang hits you.
* * * LOW HITPOINT WARNING * * *
The orc closely misses you.
You hear a shout!
The orc throws a boomerang.
Something hits you!
* * * LOW HITPOINT WARNING * * *
Something burns you.
* * * LOW HITPOINT WARNING * * *
As you read the scroll of teleportation, it crumbles to dust.
You feel strangely unstable. Something hits you!
You die...

####################
#..).........#.....#
#.##########.#.h...###### #.#
#.#.o......... #.#
#####.......#######.# #.#
.......(.............# #)#
...............####..###
##.####......o................
..†....>.o###o#######...##..#
##.####...
.......###...##..##### #.# ..
##... #................


You could see 4 orcs.

Vanquished Creatures
  Pikel (D:8)
  2 steam dragons
  2 water moccasins
  Duvessa (D:5)
  An orc warrior (D:5)
  4 black bears
  2 ice beasts (D:7)
  A sky beast (D:7)
  An ogre (D:5)
  A centaur (D:7)
  4 bullfrogs
  3 scorpions
  4 wights (D:7)
  Dowan (D:5)
  A howler monkey (D:5)
  2 jellies
  6 orc priests
  A hound (D:7)
  6 iguanas
  6 orc wizards
  A statue (D:6)
  A gnoll (D:3)
  9 adders
  A river rat (D:6)
  2 shadow imps
  An ufetubus (D:5)
  4 worms
  3 dart slugs
  21 orcs
  12 ball pythons
  11 endoplasms
  12 giant cockroaches
  6 hobgoblins
  8 jackals
  6 kobolds
  10 quokkas
  5 bats
  9 frilled lizards
  3 goblins (D:1)
  7 rats
182 creatures vanquished.

Vanquished Creatures (others)
  An orc (D:5)
1 creature vanquished.

Grand Total: 183 creatures vanquished

Notes
Turn   | Place    | Note
-------+----------+-------------------------------------------
     0 | D:1      | thirtiethelement the Demonspawn Cinder Acolyte began the
                  | quest for the Orb.
     0 | D:1      | Reached XP level 1. HP: 18/18 MP: 2/2
   213 | D:1      | Gained mutation: You are partially covered in molten
                  | scales. (AC +2) [demonic ancestry]
   213 | D:1      | Reached XP level 2. HP: 17/24 MP: 3/3
   216 | D:1      | Learned a level 2 spell: Scorch
  1015 | D:2      | Reached XP level 3. HP: 28/29 MP: 4/4
  1899 | D:3      | Found a bloodstained altar of Trog.
  1917 | D:3      | Gained mutation: You have large cloven feet. [demonic
                  | ancestry]
  1917 | D:3      | Reached XP level 4. HP: 33/36 MP: 1/5
  2439 | D:3      | HP: 1/37 [orc/+0 short sword (1)]
  2742 | D:3      | Reached skill level 1 in Dodging
  2748 | D:3      | Gained mutation: You are partially covered in sharp spines.
                  | [demonic ancestry]
  2748 | D:3      | Reached XP level 5. HP: 25/42 MP: 3/6
  3157 | D:4      | Reached skill level 1 in Shields
  3343 | D:4      | Gained mutation: You are mostly covered in molten scales.
                  | (AC +3) [demonic ancestry]
  3343 | D:4      | Reached XP level 6. HP: 48/48 MP: 1/9
  4470 | D:5      | Entered Level 5 of the Dungeon
  4632 | D:5      | Noticed Duvessa
  4632 | D:5      | Noticed Dowan
  4644 | D:5      | Killed Duvessa
  4646 | D:5      | Killed Dowan
  4651 | D:5      | Gained mutation: You have hoof-like feet. [demonic
                  | ancestry]
  4651 | D:5      | Reached XP level 7. HP: 22/54 MP: 5/11
  4773 | D:5      | Reached skill level 1 in Armour
  4989 | D:5      | Reached skill level 5 in Long Blades
  5451 | D:5      | Reached XP level 8. HP: 60/60 MP: 6/13
  5591 | D:5      | Reached skill level 1 in Stealth
  5883 | D:6      | Found a staircase to the Ecumenical Temple.
  5948 | D:6      | Found Ceppuf's Antique Weapon Shop.
  5952 | D:6      | Reached skill level 5 in Fire Magic
  5959 | D:6      | Found Izysaose's Distillery.
  5971 | D:6      | Found Xatarph's Book Boutique.
  5997 | D:6      | Bought a potion of heal wounds for 70 gold pieces
  5997 | D:6      | Bought a potion of curing for 42 gold pieces
  5997 | D:6      | Bought a potion of haste for 140 gold pieces
  6022 | D:6      | Found a glowing drain.
  6034 | Sewer    | Entered a sewer
  6586 | D:6      | Found a radiant altar of Vehumet.
  6766 | D:6      | Found an opulent altar of Gozag.
  7114 | Temple   | Entered the Ecumenical Temple
  7132 | D:7      | Noticed an air elemental
  7134 | D:7      | Found a stormy altar of Qazlal.
  7202 | D:7      | Gained mutation: You are completely covered in molten
                  | scales. (AC +4, rF+) [demonic ancestry]
  7202 | D:7      | Reached XP level 9. HP: 15/67 MP: 9/15
  7531 | D:7      | Learned a level 3 spell: Volatile Blastmotes
  7696 | D:7      | Identified the +1 falchion "Becu Cacs" {flame, +Blink rC+}
  7748 | D:7      | Found a sparkling altar of Nemelex Xobeh.
  7897 | D:7      | Reached skill level 5 in Fighting
  7897 | D:7      | Reached skill level 5 in Spellcasting
  8016 | D:7      | Found a blossoming altar of Fedhas.
  8636 | D:8      | Noticed Pikel
  8666 | D:8      | Killed Pikel
  8716 | D:8      | Noticed Psyche
  8751 | D:8      | HP: 2/65 [something (2)]
  8752 | D:8      | Mangled by Psyche

Illustrated notes

Levels and vault maps discovered:
D:1:      saegor_arrival_fortress, layout_basic, minmay_indecisive_spiral
D:2:      layout_basic
D:3:      layout_loops_corners, trog_antimagical,
          mainiacjoe_overflow_tiny_flanked, minmay_starry_boxes
D:4:      layout_layer_cave
D:5:      layout_loops_corners, zin_statuary, uniq_duvessa
D:6:      layout_rooms, old_standard_altar, vehumet_statue,
          minmay_temple_entry_offerings, portal_sewer_entry_b, serial_shops,
          nicolae_shop_industrial_runoff, shop, nicolae_shop_gibbet_a_chance,
          water_maze_lemuel
D:7:      layout_loops_corners, mainiacjoe_overflow_six_doors_small,
          nicolae_qazlal_style_of_elements, kennysheep_mini_moat
D:8:      layout_loops_ring, grunt_temple_overflow_octagram, uniq_psyche,
          uniq_pikel
Temple:   nicolae_temple_bog_church

Skill      XL: |  1  2  3  4  5  6  7  8  9 |
---------------+----------------------------+-----
Fire Magic     | 3 4 5 6 |  6.5
Long Blades    | 3 4 5 6 |  6.6
Dodging        | 1 2 3 |  3.3
Shields        | 1 2 3 |  3.6
Spellcasting   | 2 3 4 5 |  5.8
Fighting       | 4 5 |  5.1
Armour         | 1 2 |  2.6
Stealth        | 1 2 |  2.0
Throwing       | |  0.4
Translocations | |  0.3

Action                     |  1- 3 |  4- 6 |  7- 9 || total
---------------------------+-------+-------+-------++-------
  Melee: Falchion          |    36 |       |   198 ||   234
         Long sword        |    55 |    94 |    45 ||   194
         Kick              |       |    27 |    52 ||    79
         Unarmed           |       |       |     9 ||     9
  Throw: Javelin           |     3 |     1 |     2 ||     6
   Cast: Scorch            |    13 |    26 |    70 ||   109
         Volatile Blastmot |       |       |     4 ||     4
 Invoke: Fiery Armour      |       |     1 |       ||     1
    Use: Scroll            |       |     8 |     3 ||    11
   Stab: Sleeping          |       |       |     1 ||     1
 Armour: Robe              |    26 |    12 |       ||    38
         Leather armour    |       |     9 |    44 ||    53
         Steam dragon scal |       |       |    30 ||    30
  Dodge: Dodged            |    55 |    41 |    92 ||   188
  Block: Other             |    26 |     1 |       ||    27
         Buckler           |       |    51 |   125 ||   176
         Reflection        |       |     1 |       ||     1

Table legend: (Time is in decaauts)
 A = Elapsed time spent in this place.
 B = Non-inter-level travel time spent in this place.
 C = Inter-level travel time spent in this place.
 D = Time resting spent in this place.
 E = Time spent auto-exploring this place.
 F = Levels seen in this place.
 G = Mean time per level.
                   A        B        C        D        E       F      G
               +--------+--------+--------+--------+--------+-----+--------+
         Total |   8876 |   8676 |    200 |     89 |   7053 |  10 |  887.6 |
       Dungeon |   8337 |   8138 |    199 |     89 |   6739 |   8 | 1042.1 |
        Temple |      1 |      0 |      1 |      0 |      0 |   1 |    1.0 |
         Sewer |    536 |    536 |      0 |      0 |    314 |   1 |  536.0 |
               +--------+--------+--------+--------+--------+-----+--------+

Top non-repeatable levels by time:
     D:4: 1454 daAuts
     D:5: 1401 daAuts
     D:3: 1290 daAuts
     D:7: 1258 daAuts
     D:2: 938 daAuts
     D:1: 827 daAuts
     D:6: 795 daAuts
   Sewer: 536 daAuts
     D:8: 371 daAuts
  Temple: 1 daAuts
